 Dungeon Crawl Stone Soup version 0.13-a0-2474-g552a472 (webtiles) character file.

127923 Rycklaryybbe the Imperceptible (level 16, -6/88 (94) HPs)
             Began as a Vampire Enchanter on July 17, 2013.
             Was the Champion of Ashenzari.
             Mangled by a trapdoor spider (13 damage)
             ... on Level 1 of the Vaults on July 18, 2013.
             The game lasted 06:35:02 (45349 turns).

Rycklaryybbe the Imperceptible (Vampire Enchanter) Turns: 45349, Time: 06:35:02

HP  -6/88 (94)   AC  9     Str  9      XL: 16   Next: 43%
MP   3/31        EV 25     Int 23      God: Ashenzari [******]
Gold 1506        SH 11     Dex 15      Spells: 12 memorised,  2 levels left

Res.Fire  : + . .   See Invis. : +   I - +3,+2 sabre (elec) (curse)
Res.Cold  : + . .   Warding    : .   y - +2 orc robe {MR+} (curse)
Life Prot.: + + .   Conserve   : +   g - -1 buckler (curse)
Res.Poison: +       Res.Corr.  : .   B - +0 helmet (curse)
Res.Elec. : .       Clarity    : +   h - +1 cloak {darkness} (curse)
Sust.Abil.: . .     Spirit.Shd : .   q - +0 pair of gauntlets (curse)
Res.Mut.  : .       Stasis     : .   b - +0 pair of dwarf boots (curse)
Res.Rott. : +       Flight     : .   X - cursed amulet of conservation
Saprovore : . . .                    z - cursed ring of protection from fire
                                     k - cursed +4 ring of intelligence

@: regenerating slowly, about to teleport, quick, very resistant to hostile
enchantments, extremely stealthy
A: bottle blood, fangs 3, see invisible, -10% hp, unbreathing
a: Bat Form, Bottle Blood, Scrying, Transfer Knowledge, Renounce Religion, Evoke
Invisibility


You were on level 1 of the Vaults.
You worshipped Ashenzari.
Ashenzari was exalted by your worship.
You were thirsty.

You visited 6 branches of the dungeon, and saw 33 of its levels.

You collected 3141 gold pieces.
You spent 1655 gold pieces at shops.

Inventory:

Hand weapons
 a - a -1,+2 orcish dagger of pain (quivered)
 I - a cursed +3,+2 sabre of electrocution (weapon)
Missiles
 U - 2 throwing nets
Armour
 b - a cursed +0 pair of dwarven boots (worn)
 d - a +3 leather armour of fire resistance
 g - a cursed -1 buckler (worn)
 h - a cursed +1 cloak of darkness (worn)
 q - a cursed +0 pair of gauntlets (worn)
 y - a cursed +2 orcish robe of magic resistance (worn)
 B - a cursed +0 helmet (worn)
Magical devices
 e - a wand of cold (7) {unknown}
 l - a wand of disintegration (9)
 r - a wand of lightning (3) {unknown}
 E - a wand of paralysis (14)
Scrolls
 f - a scroll of recharging
 m - a scroll of remove curse
 n - a scroll of fog
 o - a scroll of torment {unknown}
 s - a scroll of vulnerability {unknown}
 D - 8 scrolls of identify
Jewellery
 i - an uncursed amulet of clarity
 j - a +3 ring of dexterity
 k - a cursed +4 ring of intelligence (left hand)
 z - a cursed ring of protection from fire (right hand)
 X - a cursed amulet of conservation (around neck)
Potions
 c - a potion of brilliance
 p - 3 potions of curing
 u - a potion of restore abilities
 x - a potion of resistance
 H - 2 potions of speed
 L - 2 potions of might
Miscellaneous
 J - a phial of floods


   Skills:
 - Level 4.5 Fighting
 + Level 7.2(11.7) Short Blades
 - Level 0.7 Throwing
 - Level 2.2 Armour
 + Level 15.2(19.2) Dodging
 + Level 21.2(24.6) Stealth
 - Level 4.8(7.8) Shields
 - Level 8.0 Spellcasting
 + Level 19.1(22.7) Hexes
 - Level 3.7(7.8) Charms
 - Level 2.6(6.3) Summonings
 - Level 2.5(6.1) Necromancy
 - Level 1.2(3.9) Translocations
 - Level 4.0(8.2) Transmutations
 - Level 3.1(7.0) Ice Magic
 - Level 1.6(4.6) Air Magic
 - Level 2.0(5.3) Earth Magic


You had 2 spell levels left.
You knew the following spells:

 Your Spells              Type           Power        Failure   Level  Hunger
a - Corona                Hex            #######      0%          1    None
b - Ensorcelled Hibernat  Hex/Ice        ######       1%          2    None
c - Confuse               Hex            #######.     0%          3    None
d - Invisibility          Hex            #######.     1%          6    ######.
e - Animate Skeleton      Necr           N/A          1%          1    None
f - Regeneration          Chrm/Necr      #####.....   1%          3    None
g - Sure Blade            Hex/Chrm       ######....   1%          2    None
h - Enslavement           Hex            #######.     0%          4    ###....
i - Swiftness             Chrm/Air       #####.....   1%          2    None
j - Apportation           Tloc           ####......   1%          1    None
k - Passwall              Trmt/Erth      #####.....   1%          3    None
l - Summon Butterflies    Summ           #####...     1%          1    None


Dungeon Overview and Level Annotations

Branches:
Dungeon (18/27)            Temple (1/1) D:4             Orc (4/4) D:6
    Elf (1/3) Orc:4          Lair (8/8) D:10         Shoals (0/5) Lair:4
  Snake (0/5) Lair:4        Slime (0/6) Lair:7       Vaults (1/5) D:18

Altars:
Ashenzari
Cheibriados
Elyvilon
Fedhas
Kikubaaqudgha
Makhleb
Nemelex Xobeh
Okawaru
Sif Muna
Trog
Vehumet
Xom
Yredelemnul
Zin
the Shining One
Beogh
Jiyva

Shops:
D:12: * D:17: = D:18: + Orc:3: ! Orc:4: }([%+


Innate Abilities, Weirdness & Mutations

You heal slowly.
You can bottle blood from corpses.
You have razor-sharp teeth.*
You have supernaturally acute eyesight.
You can survive without breathing.*
You are frail (-10% HP).


Message History

Unknown command.
Drink which item? (? for menu, Esc to quit)
Okay, then.
Drink which item? (? for menu, Esc to quit)
Okay, then.
Press: ? - help, v - describe, . - travel The floor.
Press: ? - help, v - describe, . - travel
Here: a vault warden, wielding a +1,+2 great mace and wearing a chain mail The floor.
Unknown command.
Unknown command.
Evoke which item? (* to show all) (? for menu, Esc to quit)
Okay, then.
Read which item? (? for menu, Esc to quit)
Okay, then.
You hit the brown ugly thing.
The brown ugly thing is severely wounded.
The trapdoor spider bites you!
You die...

#'#####..u){@@.# ,* ,, , ..##
####+###.########. ,,,,, ...##
#......#.@........ ,,,,
....###......#@.........( ,, ,
.....##......#........... , ,,
......#......#...c....... ,
......#......#..C........ , ,
*
..###.#...>..#.@O@##+######**,
* ..#
#.'......#.u@.#.........*,
..###.'......#.suu#......... ,
......########..u.#......... ,
*
......#...........#.........#,
*
.....##...........+.........#
....###...........#.........#
, ...## #...........####+#+###
, ..## #.............. , , ,
#########.............. , ,,


You could see 2 vault wardens, 2 vault guards, a hill giant, a trapdoor spider,
4 ugly things, a yaktaur and an ogre.

Vanquished Creatures
  Saint Roka (Orc:4)
  Nikola (D:17)
  2 elemental wellsprings (D:17)
  10 vault guards
  An ironheart preserver (Vaults:1)
  Fannar (Lair:1)
  2 great orbs of eyes (D:18)
  7 hydras
  Erica (D:10)
  The ghost of Egregious the Impaler, a powerful MfGl of Okawaru (D:10)
  A ravenous feature mimic (Vaults:1)
  6 death yaks (Lair:7)
  4 ogre magi
  2 orc high priests
  10 centaur warriors
  A very ugly thing (D:18)
  A catoblepas (Lair:4)
  Nergalle (Lair:2)
  3 deep elf knights
  A human (D:18)
  2 unseen horrors
  2 iron trolls
  A giant amoeba (D:15)
  7 orc knights
  A necromancer (D:18)
  A wolf spider zombie (D:16)
  Joseph (D:10)
  A spiny worm (Vaults:1)
  3 cyclopes
  A spriggan druid (Lair:8)
  An oklob plant (Orc:2)
  15 hill giants
  A fire giant zombie (Vaults:1)
  A stone giant zombie (D:18)
  A griffon (D:18)
  4 orc sorcerers
  A red wasp (shapeshifter) (D:18)
  5 black mambas
  2 stone giant skeletons
  2 vault sentinels (Vaults:1)
  10 spiny frogs
  An eye of devastation (D:17)
  An efreet (D:17)
  3 yaktaurs
  A spiny frog (shapeshifter) (D:14)
  Grinder (D:3)
  4 trolls
  2 wandering mushrooms
  9 komodo dragons
  A jumping spider (shapeshifter) (D:16)
  A queen bee (Lair:2)
  A queen bee (shapeshifter) (D:18)
  6 blink frogs
  6 spriggans (Lair:8)
  A hydra skeleton (D:14)
  5 two-headed ogres
  A giant firefly (shapeshifter) (D:18)
  2 griffon zombies
  34 slime creatures
  A baby alligator (shapeshifter) (D:13)
  A dragon skeleton (D:18)
  2 basilisks
  42 yaks
  A stone giant simulacrum (D:18)
  2 water elementals
  4 grizzly bears (Lair:8)
  2 trapdoor spiders
  5 wyverns
  7 sharks
  A vampire (D:17)
  A hog (shapeshifter) (D:14)
  5 wraiths
  An elephant slug (Lair:6)
  A hill giant zombie (D:6)
  5 hippogriffs
  Grum (D:12)
  2 deep elf magi (Elf:1)
  35 wolves
  A soldier ant (shapeshifter) (D:18)
  2 rock worms
  5 hungry ghosts
  3 manticores
  A soldier ant (D:11)
  13 porcupines
  15 vampire mosquitoes
  41 ugly things
  3 ice beasts
  3 necrophages
  3 mottled dragons
  38 orc warriors
  2 fire drakes
  2 yellow wasps
  5 phantoms
  28 ogres
  2 black bears (Lair:8)
  A sky beast (D:15)
  A naga (Lair:4)
  5 giant goldfish
  A fire crab zombie (D:16)
  A rotting devil (D:18)
  3 brain worms
  23 centaurs
  10 water moccasins
  5 wargs
  7 crocodiles
  14 giant slugs
  5 big kobolds
  Blork the orc (D:5)
  A cyclops zombie (D:13)
  13 giant frogs
  A yaktaur skeleton (Vaults:1)
  12 agate snails
  5 troll zombies
  2 yak zombies
  2 jellyfish
  A boulder beetle zombie (D:17)
  38 killer bees
  11 wights
  2 yak skeletons
  9 hounds
  6 goliath beetles
  10 crimson imps
  2 soldier ant zombies (D:14)
  A giant frog zombie (D:5)
  A giant frog skeleton (D:4)
  7 worker ants
  Crazy Yiuf (D:3)
  2 big fish
  39 orc wizards
  33 orc priests
  2 iguanas
  5 scorpions
  4 jellies
  3 ogre zombies (D:6)
  Jessica (D:3)
  A mottled dragon skeleton (D:13)
  A sky beast zombie (D:8)
  16 sheep
  Terence (D:2)
  A hound skeleton (D:8)
  A mummy (D:11)
  A worker ant zombie (D:5)
  An inept feature mimic (D:3)
  22 adders
  6 giant centipedes
  4 giant mites
  77 green rats
  An adder skeleton (D:7)
  2 giant eyeballs
  14 giant geckos
  5 worms
  14 bats
  3 boggarts (D:16)
  9 giant cockroaches
  21 goblins
  2 giant newts
  2 goblin skeletons
  A goblin zombie (D:6)
  23 hobgoblins
  5 hobgoblin skeletons (D:6)
  2 hobgoblin zombies
  23 jackals
  26 kobolds
  186 orcs
  6 orc skeletons
  11 orc zombies (D:6)
  9 quokkas
  15 rats
  3 ballistomycetes (D:15)
  2 butterflies
  A plant (D:10)
1295 creatures vanquished.

Vanquished Creatures (collateral kills)
  A deep elf knight (D:18)
  An ironbrand convoker (Vaults:1)
  A spiny frog (Lair:5)
  2 feature mimics
  A yaktaur (D:16)
  A fire drake (Lair:8)
  A harpy zombie (D:18)
  A two-headed ogre (D:12)
  A red wasp zombie (D:18)
  3 slime creatures (D:13)
  A grizzly bear (Lair:8)
  5 spriggans (Lair:8)
  A hill giant skeleton (D:14)
  3 vampire mosquitoes
  6 wolves
  An ice beast (D:14)
  3 orc warriors
  A yellow wasp (D:13)
  2 black bears (Lair:8)
  A crocodile (Lair:8)
  A giant slug (Lair:8)
  4 centaurs
  An agate snail (Lair:8)
  A big kobold (D:14)
  A water moccasin (Lair:7)
  A killer bee (Lair:2)
  A wight (D:12)
  2 orc priests
  3 orc wizards (Orc:4)
  An adder (Lair:5)
  7 green rats
  An ufetubus (Orc:2)
  26 orcs
  3 jackals (Lair:5)
  4 goblins
  A quokka (D:11)
  A rat (Lair:3)
  A bush (Lair:7)
  3 fungi
  3 plants
103 creatures vanquished.

Vanquished Creatures (others)
  A death yak skeleton (Lair:7)
  A hydra skeleton (D:18)
  3 human skeletons
  An orc warrior (Orc:4)
  A shark (D:13)
  A black mamba skeleton (Lair:7)
  4 hill giant skeletons
  A spriggan skeleton (Lair:8)
  A komodo dragon skeleton (Lair:7)
  A cyclops skeleton (D:14)
  A wyvern skeleton (D:12)
  2 grizzly bear skeletons (Lair:8)
  3 yak skeletons
  2 troll skeletons
  A giant goldfish skeleton (D:13)
  An electric eel (D:13)
  5 wolf skeletons (Lair:8)
  2 giant frog skeletons (D:13)
  A big fish (D:13)
  5 centaur skeletons
  A basilisk skeleton (D:11)
  A black bear skeleton (Lair:8)
  A water moccasin skeleton (Lair:7)
  2 warg skeletons (Orc:2)
  A mottled dragon skeleton (D:13)
  A crocodile skeleton (Lair:8)
  An ogre skeleton (Orc:4)
  4 orcs
  A giant spore (D:15)
  5 green rat skeletons (Lair:7)
  A jackal (Lair:2)
  2 kobolds (D:14)
  A kobold skeleton (D:14)
  30 orc skeletons
  36 butterflies
  12 fungi
  3 plants
141 creatures vanquished.

Grand Total: 1539 creatures vanquished

Notes
Turn   | Place    | Note
--------------------------------------------------------------
     0 | D:1      | Rycklaryybbe, the Vampire Enchanter, began the quest for the Orb.
     0 | D:1      | Reached XP level 1. HP: 13/13 MP: 4/4
   166 | D:1      | Reached XP level 2. HP: 16/19 MP: 3/5
   173 | D:1      | Learned a level 2 spell: Ensorcelled Hibernation
   734 | D:2      | Noticed Terence
   784 | D:2      | Reached skill level 5 in Stealth
   784 | D:2      | Reached XP level 3. HP: 22/24 MP: 3/6
  1881 | D:3      | Noticed Jessica
  1920 | D:3      | Noticed Crazy Yiuf
  1978 | D:3      | Reached skill level 6 in Stealth
  2083 | D:3      | Reached XP level 4. HP: 30/30 MP: 8/8
  2183 | D:3      | Found a white marble altar of Elyvilon.
  2388 | D:3      | Noticed Grinder
  2727 | D:4      | Noticed an ogre
  2991 | D:4      | Found a staircase to the Ecumenical Temple.
  3018 | Temple   | Entered the Ecumenical Temple
  3106 | Temple   | Became a worshipper of Ashenzari the Shackled
  3256 | D:4      | Reached skill level 5 in Hexes
  3287 | D:4      | Reached XP level 5. HP: 35/35 MP: 5/9
  3386 | D:4      | Reached skill level 7 in Stealth
  3553 | D:4      | Noticed an ogre
  3560 | D:4      | Killed an ogre
  3560 | D:4      | Reached skill level 8 in Stealth
  3560 | D:4      | Reached XP level 6. HP: 37/41 MP: 5/10
  3609 | D:3      | Killed Jessica
  3762 | D:2      | Learned a level 3 spell: Confuse
  3791 | D:2      | Killed Terence
  3909 | D:3      | Killed Grinder
  3909 | D:3      | Reached skill level 9 in Stealth
  3909 | D:3      | Reached XP level 7. HP: 3/46 MP: 1/11
  4301 | D:3      | Killed Crazy Yiuf
  4421 | D:4      | Noticed an ogre
  4426 | D:4      | Killed an ogre
  4908 | D:4      | Reached skill level 10 in Stealth
  5142 | D:4      | Killed an ogre
  5142 | D:4      | Reached skill level 1 in Fighting
  5198 | D:5      | Entered Level 5 of the Dungeon
  5225 | D:5      | Found a basalt altar of Yredelemnul.
  5352 | D:5      | Found a deep blue altar of Sif Muna.
  5469 | D:5      | Reached XP level 8. HP: 53/53 MP: 10/13
  5843 | D:6      | Noticed Blork the orc
  6044 | D:7      | Reached skill level 1 in Shields
  6318 | D:7      | Reached skill level 5 in Dodging
  6318 | D:7      | Reached skill level 10 in Hexes
  6804 | D:7      | Reached skill level 11 in Stealth
  7112 | D:8      | Acquired Ashenzari's first power
  7194 | D:8      | Identified the +6,+6 long sword of Ozuigol {pain, rF+ MR++ Str-3}
  7298 | D:8      | Found a blossoming altar of Fedhas.
  7303 | D:8      | Reached XP level 9. HP: 59/59 MP: 14/14
  8346 | D:8      | Reached skill level 12 in Stealth
  8409 | D:8      | Learned a level 6 spell: Invisibility
  8613 | D:8      | Noticed a two-headed hydra
  8617 | D:8      | Killed a two-headed hydra
  8617 | D:8      | Reached XP level 10. HP: 65/65 MP: 6/18
  8630 | D:8      | Learned a level 1 spell: Animate Skeleton
  9767 | D:5      | Killed Blork the orc
 10128 | D:6      | Found a staircase to the Orcish Mines.
 10175 | D:6      | Reached skill level 13 in Hexes
 10572 | D:6      | Identified the cursed -1,-3 flail of Conscience {crush, +Rage} (You found it on level 5 of the Dungeon)
 11057 | D:9      | Acquired Ashenzari's second power
 11380 | D:9      | Found a deep blue altar of Sif Muna.
 11428 | D:10     | Entered Level 10 of the Dungeon
 11469 | D:10     | Noticed a hill giant
 11534 | D:9      | Learned a level 3 spell: Regeneration
 11832 | D:10     | Noticed Joseph
 11835 | D:10     | Found a staircase to the Lair.
 11836 | D:10     | Killed Joseph
 11836 | D:10     | Reached skill level 1 in Charms
 11836 | D:10     | Reached skill level 1 in Necromancy
 11934 | D:10     | Killed a hill giant
 11934 | D:10     | Reached skill level 10 in Dodging
 11934 | D:10     | Reached skill level 1 in Ice Magic
 12046 | D:10     | Noticed Egregious' ghost (powerful MfGl)
 12318 | D:9      | Reached XP level 11. HP: 60/70 MP: 6/22
 12677 | D:9      | Noticed a hill giant
 12683 | D:9      | Killed a hill giant
 12724 | D:10     | Killed Egregious' ghost
 12724 | D:10     | Reached skill level 14 in Stealth
 12767 | D:10     | Learned a level 2 spell: Sure Blade
 12838 | Lair:1   | Entered Level 1 of the Lair of Beasts
 12845 | Lair:1   | Reached skill level 5 in Spellcasting
 13057 | Lair:1   | Noticed Fannar
 13114 | Lair:1   | Reached skill level 1 in Traps
 13144 | Lair:1   | Gained mutation: You are frail (-10% HP). [mutagenic glow]
 13628 | Lair:1   | Killed Fannar
 13830 | Lair:2   | Acquired Ashenzari's third power
 13925 | Lair:2   | Noticed Nergalle
 13927 | Lair:2   | Killed Nergalle
 14304 | Lair:2   | Noticed a six-headed hydra
 14311 | Lair:2   | Killed a six-headed hydra
 14464 | Lair:2   | Reached skill level 15 in Stealth
 14704 | Lair:1   | HP: 3/63 [killer bee (6)]
 14707 | Lair:1   | Reached XP level 12. HP: 3/69 MP: 20/25
 16415 | Lair:4   | Found a staircase to the Shoals.
 16641 | Lair:4   | Noticed a five-headed hydra
 16646 | Lair:4   | Killed a five-headed hydra
 16701 | Lair:4   | Reached skill level 16 in Stealth
 16745 | Lair:4   | Found a staircase to the Snake Pit.
 17163 | Lair:4   | Acquired Ashenzari's fourth power
 18331 | Lair:5   | Learned a level 4 spell: Enslavement
 18739 | Lair:6   | Noticed a five-headed hydra
 18746 | Lair:6   | Killed a five-headed hydra
 18746 | Lair:6   | Reached skill level 17 in Stealth
 19127 | Lair:6   | Reached XP level 13. HP: 53/73 MP: 5/26
 20051 | Lair:7   | Reached skill level 5 in Traps
 20072 | Lair:7   | Found a staircase to the Slime Pits.
 20072 | Lair:7   | Found a viscous altar of Jiyva.
 21914 | Lair:8   | Entered Level 8 of the Lair of Beasts
 21930 | Lair:7   | Reached skill level 15 in Hexes
 23428 | Lair:8   | Reached skill level 1 in Armour
 23946 | D:10     | Found a bloodstained altar of Trog.
 24007 | D:10     | Noticed Erica
 24015 | D:10     | Killed Erica
 24236 | D:11     | Reached skill level 18 in Stealth
 24987 | D:12     | Noticed Grum
 24995 | D:12     | Killed Grum
 25013 | D:12     | Reached XP level 14. HP: 77/82 MP: 16/27
 25056 | D:12     | Identified the +3 blowgun of Change {speed, MR++}
 25076 | D:12     | Found Xootya's Serpentskin Sales.
 27346 | D:14     | Entered Level 14 of the Dungeon
 28280 | D:14     | Reached skill level 19 in Stealth
 28305 | D:14     | Found an iron altar of Okawaru.
 28602 | D:15     | Entered Level 15 of the Dungeon
 28872 | D:15     | Found a labyrinth entrance.
 28872 | D:15     | the labyrinth entrance was a mimic.
 29238 | D:15     | Reached skill level 5 in Short Blades
 29299 | D:15     | Upgraded the game from 0.13-a0-2450-ga447c6a to 0.13-a0-2474-g552a472
 29300 | D:15     | Identified the +0,+4 spear of Xamyotza {pierce, rN+} (You found it on level 14 of the Dungeon)
 29660 | D:14     | Dalarin: are your slaves are anyhow connected to your enchanter class?
 29681 | D:14     | Dalarin: played enchanter only few time so i'm not sure
 29681 | D:14     | Rycklaryybbe: no
 29681 | D:14     | Rycklaryybbe: just learn a spell
 29681 | D:14     | Rycklaryybbe: any class can learn any spell
 29714 | D:14     | Dalarin: what skills are req to learn and use such kind of spells?
 29715 | D:14     | Dalarin: hexes?
 29715 | D:14     | Rycklaryybbe: depend on what you want:)
 29715 | D:14     | Rycklaryybbe: i like hexes
 29715 | D:14     | Rycklaryybbe: thats why i play enchanter
 29715 | D:14     | Dalarin: i know that EH is mostly based on hexes
 29715 | D:14     | Rycklaryybbe: but also i like necromancy
 29715 | D:14     | Dalarin: but ally-ing is a different thing
 29715 | D:14     | Rycklaryybbe: charms
 29715 | D:14     | Rycklaryybbe: i don't like damages spell
 29715 | D:14     | Rycklaryybbe: to boring for me
 29715 | D:14     | Rycklaryybbe: any others school are graet
 29715 | D:14     | Dalarin: they makes game easier and less complicated... and also more boring :)
 29715 | D:14     | Rycklaryybbe: right
 29715 | D:14     | Rycklaryybbe: i have one spriggan wizzard
 29715 | D:14     | Rycklaryybbe: powerfullm but i can't play
 29715 | D:14     | Rycklaryybbe: same spells again and again
 29717 | D:14     | Rycklaryybbe: but vampire enchanters -- it's a different.
 29717 | D:14     | Rycklaryybbe: unsual gamestyle
 29717 | D:14     | Rycklaryybbe: you need blood =)
 29745 | D:14     | Dalarin: i tried to play spr venom mage but i got stuck everytime in upper levels
 29747 | D:15     | Dalarin: i canot kill monesters anymore
 29747 | D:15     | Dalarin: because of their resistances
 29747 | D:15     | Rycklaryybbe: venom not so good
 29747 | D:15     | Rycklaryybbe: many monsters have ressist
 29747 | D:15     | Rycklaryybbe: try a wizard. basics spells are great
 29747 | D:15     | Rycklaryybbe: mwphitic cloud canfuse be a cloud
 29747 | D:15     | Rycklaryybbe: blink
 29751 | D:15     | Dalarin: does shlields like buckler anyhow affects my spell power?
 29753 | D:15     | Rycklaryybbe: no, if you wear robe
 30361 | Orc:1    | Entered Level 1 of the Orcish Mines
 30389 | Orc:1    | Rycklaryybbe: oops
 30389 | Orc:1    | Dalarin: what a mess
 30389 | Orc:1    | Rycklaryybbe: yeah
 30389 | Orc:1    | Dalarin: clouds would be usefull here
 30399 | Orc:1    | Dalarin: run
 31100 | Orc:1    | Found a bloodstained altar of Trog.
 32008 | Orc:2    | Found a roughly hewn altar of Beogh.
 32518 | Orc:3    | Found Keuget's Distillery.
 32561 | Orc:3    | Bought 2 potions of curing for 56 gold pieces
 32561 | Orc:3    | Bought a potion of heal wounds for 42 gold pieces
 32561 | Orc:3    | Bought a potion of heal wounds for 42 gold pieces
 32862 | Orc:4    | Entered Level 4 of the Orcish Mines
 32897 | Orc:4    | Found a roughly hewn altar of Beogh.
 33025 | Orc:4    | Found Toesylo's Food Shoppe.
 33094 | Orc:4    | Found a staircase to the Elven Halls.
 33255 | Orc:4    | Found a roughly hewn altar of Beogh.
 33399 | Orc:4    | Found a roughly hewn altar of Beogh.
 33484 | Orc:4    | Found a roughly hewn altar of Beogh.
 33671 | Orc:4    | Found a roughly hewn altar of Beogh.
 33674 | Orc:4    | Found Bruamext's Gadget Shop.
 33795 | Orc:4    | Found a roughly hewn altar of Beogh.
 33810 | Orc:4    | Found Khiecs' Book Emporium.
 33822 | Orc:4    | Bought a book of Burglary for 900 gold pieces
 33827 | Orc:4    | Learned a level 2 spell: Swiftness
 33829 | Orc:4    | Learned a level 1 spell: Apportation
 34174 | Orc:4    | Noticed Saint Roka
 34371 | Orc:4    | Found a roughly hewn altar of Beogh.
 34959 | Orc:4    | Found a roughly hewn altar of Beogh.
 35277 | Orc:4    | Found a roughly hewn altar of Beogh.
 35277 | Orc:4    | Found Vybef's Antique Armour Shoppe.
 35359 | Orc:4    | Reached XP level 15. HP: 82/82 MP: 19/28
 35662 | Orc:4    | Found Coetey's Antique Weapon Emporium.
 35847 | Orc:4    | Killed Saint Roka
 35847 | Orc:4    | Reached skill level 1 in Air Magic
 36063 | Orc:4    | Bought a creamy pearl robe for 159 gold pieces
 36063 | Orc:4    | Identified the cursed -3 robe of Maudwa {rF+ rC+ Str-3 Int+2} (You bought it in a shop on level 4 of the Orcish Mines)
 36196 | Elf:1    | Entered Level 1 of the Elven Halls
 36444 | Orc:2    | Reached skill level 1 in Translocations
 37061 | D:16     | Identified the ring "Trarphar" {Dex+2 Int+2}
 37820 | D:16     | Learned a level 3 spell: Passwall
 38102 | D:17     | Noticed Nikola
 38106 | D:17     | Killed Nikola
 38106 | D:17     | Reached skill level 20 in Stealth
 38106 | D:17     | Reached skill level 1 in Transmutations
 38160 | D:17     | Reached skill level 1 in Earth Magic
 38889 | D:17     | Found Piemoemi's Jewellery Shop.
 38899 | D:17     | Bought an uncursed amulet of conservation for 350 gold pieces
 39035 | D:17     | HP: 3/82 [orc knight/ bolt (31)]
 39630 | Lair:1   | Learned a level 1 spell: Summon Butterflies
 39915 | Orc:4    | Bought a pair of dwarven boots for 50 gold pieces
 39915 | Orc:4    | Bought a runed leather armour for 56 gold pieces
 42344 | D:18     | Reached skill level 1 in Summonings
 42366 | D:18     | Found Bliroubb's Book Shop.
 42711 | D:18     | Reached XP level 16. HP: 79/88 MP: 7/31
 43409 | D:18     | Reached skill level 15 in Dodging
 43957 | D:18     | Found a staircase to the Vaults.
 43997 | Vaults:1 | Entered Level 1 of the Vaults
 44407 | Vaults:1 | Reached skill level 21 in Stealth
 45349 | Vaults:1 | Yermak: tough situation
 45349 | Vaults:1 | Rycklaryybbe: :(((
 45349 | Vaults:1 | Rycklaryybbe: right
 45349 | Vaults:1 | Rycklaryybbe: this is the end:(
 45349 | Vaults:1 | Rycklaryybbe: may be to early go to here
 45349 | Vaults:1 | Yermak: show inventory, please
 45349 | Vaults:1 | Yermak: unknown wands and potions and 8 identify scrolls
 45349 | Vaults:1 | Rycklaryybbe: :(
 45349 | Vaults:1 | Yermak: what wands are unknown?
 45349 | Vaults:1 | Rycklaryybbe: i don't know
 45349 | Vaults:1 | Yermak: press \-
 45349 | Vaults:1 | Yermak: hmm
 45349 | Vaults:1 | Yermak: what are your skills?
 45349 | Vaults:1 | Yermak: wow, they moved stealth to the right
 45349 | Vaults:1 | Rycklaryybbe: yes
 45349 | Vaults:1 | Rycklaryybbe: today
 45349 | Vaults:1 | Yermak: What's your EV?
 45349 | Vaults:1 | Rycklaryybbe: my older vpen and die 16lvl, wtf =(
 45349 | Vaults:1 | Rycklaryybbe: 25..
 45349 | Vaults:1 | Yermak: spells?
 45349 | Vaults:1 | Yermak: no blink ):
 45349 | Vaults:1 | Rycklaryybbe: i don't wonna die =(
 45349 | Vaults:1 | Rycklaryybbe: maybe i should try different build..
 45349 | Vaults:1 | Yermak: let Me see situation once again
 45349 | Vaults:1 | Yermak: potions once more?
 45349 | Vaults:1 | Rycklaryybbe: that bug always hit me hard
 45349 | Vaults:1 | Yermak: almost dead
 45349 | Vaults:1 | Yermak: I'd
 45349 | Vaults:1 | Yermak: possible plan:
 45349 | Vaults:1 | Rycklaryybbe: heal and teleport
 45349 | Vaults:1 | Yermak: step right, then use phial of floods onto cyan ugly thing
 45349 | Vaults:1 | Mangled by a trapdoor spider

Action                   |  1- 3 |  4- 6 |  7- 9 | 10-12 | 13-15 | 16-18 || total
-------------------------+-------+-------+-------+-------+-------+-------++-------
Melee: Dagger            |   101 |    80 |   289 |   891 |  1344 |       ||  2705
       Short sword       |    23 |       |       |       |       |       ||    23
       Sabre             |       |       |       |       |   256 |   218 ||   474
Throw: Dart              |    12 |     3 |       |       |       |       ||    15
       Stone             |       |       |     5 |     2 |       |       ||     7
 Cast: Corona            |    25 |     7 |    15 |     7 |     3 |     4 ||    61
       Ensorcelled Hiber |     4 |    32 |    58 |   176 |   417 |    52 ||   739
       Confuse           |       |     4 |    38 |    97 |   231 |    41 ||   411
       Regeneration      |       |       |       |    20 |    49 |    10 ||    79
       Invisibility      |       |       |       |    26 |    50 |     2 ||    78
       Sure Blade        |       |       |       |    17 |    29 |    12 ||    58
       Animate Skeleton  |       |       |       |     6 |   108 |     5 ||   119
       Enslavement       |       |       |       |       |    40 |    17 ||    57
       Swiftness         |       |       |       |       |    26 |     7 ||    33
       Summon Butterflie |       |       |       |       |     3 |    18 ||    21
       Apportation       |       |       |       |       |     1 |       ||     1
       Passwall          |       |       |       |       |     1 |       ||     1
 Abil: End Transformatio |       |       |     1 |     3 |     7 |       ||    11
       Bat Form          |       |       |     1 |     3 |     7 |       ||    11
       Evoke Teleport Co |       |       |       |     1 |       |       ||     1
       Bottle Blood      |       |       |       |    18 |    17 |       ||    35
Evoke: Wand              |       |     1 |       |     3 |    12 |       ||    16
  Use: Scroll            |       |    15 |     4 |    15 |    26 |     4 ||    64
       Potion            |       |    12 |       |     9 |    22 |     2 ||    45
 Stab: Sleeping          |     8 |    24 |    63 |   224 |   427 |    30 ||   776
       Confused          |       |     1 |    12 |    36 |    72 |    15 ||   136
       Invisible         |       |       |       |    29 |    66 |       ||    95
       Distracted        |       |       |       |     3 |    11 |       ||    14
